 Dungeon Crawl Stone Soup version 0.30-a0-808-g6e0788376e (webtiles) character file.

Game seed: 9679128028135773655

84 cforsyth the Sneak (level 4, -3/28 HPs)
             Began as a Kobold Brigand on Feb 25, 2023.
             Slain by an orc priest
             ... wielding a +0 whip
              (5 damage)
             ... on level 3 of the Dungeon.
             The game lasted 00:01:33 (1671 turns).

cforsyth the Sneak (Kobold Brigand)                 Turns: 1671, Time: 00:01:34

Health: -3/28      AC:  3    Str:  8    XL:     4   Next: 74%
Magic:  4/4        EV: 15    Int: 12    God:
Gold:   84         SH:  0    Dex: 18    Spells: 3/3 levels left

rFire   . . .      SeeInvis .    a - +2 dagger
rCold   . . .      Faith    .    (no shield)
rNeg    . . .      Spirit   .    b - +0 robe
rPois   .          Reflect  .    (no helmet)
rElec   .          Harm     .    c - +0 cloak
rCorr   .          Rampage  .    (no gloves)
Will    +....                    (no boots)
Stlth   ++++                     (no amulet)
HPRegen 0.24/turn                j - ring of willpower
MPRegen 0.09/turn                (no ring)

@: no status effects
A: small, no large weapons, nightstalker 3
a: no special abilities


You were on level 3 of the Dungeon.
You visited 1 branch of the dungeon, and saw 3 of its levels.

You collected 84 gold pieces.

Inventory:

Hand Weapons
 a - a +2 dagger (weapon)
Missiles
 d - 9 poisoned darts (quivered)
 e - 3 curare-tipped darts
Armour
 b - a +0 robe (worn)
 c - a +0 cloak (worn)
Jewellery
 j - a ring of willpower (left hand)
 m - an amulet of reflection
Scrolls
 g - 2 scrolls of amnesia {unknown}
 i - 8 scrolls of identify {unknown}
 k - a scroll of immolation {unknown}
 l - 2 scrolls of poison {unknown}
 n - 3 scrolls of teleportation {unknown}
 p - a scroll of torment {unknown}
 r - a scroll of magic mapping {unknown}
 t - a scroll of fear {unknown}
Potions
 f - 3 potions of curing {unknown}
 h - a potion of haste {unknown}
 o - a potion of cancellation {unknown}
 q - a potion of flight {unknown}
 s - 2 potions of heal wounds {unknown}


   Skills:
 + Level 3.1 Fighting
 + Level 3.8 Short Blades
 - Level 2.1 Throwing
 + Level 2.7 Dodging
 + Level 6.1 Stealth


You had 3 spell levels left.
You didn't know any spells.
Your spell library was empty.

Dungeon Overview and Level Annotations

Branches:
Dungeon (3/15)

Altars:

Shops:
D:3 *


Innate Abilities, Weirdness & Mutations

You are small and have problems with some larger weapons.
You are completely attuned to the shadows.


Message History

The orc priest hits you with a +0 whip.
The orc wizard shouts!
You hit the orc priest but do no damage.
You hit the orc priest but do no damage.
The orc priest barely misses you.
You closely miss the orc priest. The orc priest barely misses you.
You hit the orc priest but do no damage.
The orc barely misses you.
The orc wizard gestures wildly while chanting.
The orc wizard flickers and vanishes!
Deactivating autopickup; reactivate with Ctrl-A.
The orc priest hits you with a +0 whip.
You hit the orc priest.
The orc priest is moderately wounded.
The orc hits you with a +0 flail. The orc priest barely misses you.
You hit the orc priest.
The orc priest is moderately wounded.
The orc priest mumbles some strange prayers to Beogh against you.
Pain shoots through your body! The orc hits you with a +0 flail.
You are too injured to fight recklessly!
You are too injured to fight recklessly!
You are too injured to fight recklessly!
You are too injured to fight recklessly!
You are too injured to fight recklessly!
You are too injured to fight recklessly!
You hit the orc priest but do no damage.
The orc priest is moderately wounded.
You hit the orc priest.
The orc priest is heavily wounded.
The orc priest hits you with a +0 whip.
* * * LOW HITPOINT WARNING * * *
The orc barely misses you.
You closely miss the orc priest.
The orc priest is heavily wounded.
The orc misses you. The orc priest hits you with a +0 whip.
* * * LOW HITPOINT WARNING * * *
You hit the orc priest.
The orc priest is severely wounded.
The orc priest hits you with a +0 whip.
You die...

#...##..#
##..##.#
#.....#
#+#..##
+∩'..#
#+#..##
##..##
##)†>#
#@.#.#
...oo##.#
.....##..
.....####.
.....# #.


You could see an orc priest and an orc.

Vanquished Creatures
  4 adders (D:2)
  3 worms
  An orc (D:3)
  2 ball pythons
  An endoplasm (D:1)
  2 giant cockroaches
  4 goblins
  4 hobgoblins (D:1)
  2 jackals (D:2)
  3 quokkas (D:1)
  3 bats
  A frilled lizard (D:1)
  4 kobolds
  3 rats
37 creatures vanquished.

Vanquished Creatures (others)
  A plant (D:1)
1 creature vanquished.

Grand Total: 38 creatures vanquished

Notes
Turn   | Place    | Note
-------+----------+-------------------------------------------
     0 | D:1      | cforsyth the Kobold Brigand began the quest for the Orb.
     0 | D:1      | Reached XP level 1. HP: 12/12 MP: 1/1
    29 | D:1      | Reached XP level 2. HP: 7/18 MP: 2/2
   412 | D:1      | Reached XP level 3. HP: 22/22 MP: 3/3
   843 | D:2      | Reached XP level 4. HP: 27/27 MP: 4/4
   989 | D:2      | Reached skill level 6 in Stealth
  1023 | D:2      | Identified the +1 hand axe "Wasawk" {holy, rC- Int+6 Dex+3}
  1192 | D:2      | Found a faded altar of an unknown god.
  1572 | D:3      | Found Regrofow's Assorted Antiques.
  1670 | D:3      | HP: 1/28 [orc priest/+0 whip (6)]
  1671 | D:3      | Slain by an orc priest

Illustrated notes

Levels and vault maps discovered:
D:1:      spicycebolla_arrival_clurvy, layout_rooms
D:2:      layout_basic, shapermc_ecumenical_altar_notcrosses
D:3:      minmay_spotlight, layout_rooms, serial_shops,
          nicolae_shop_behind_doors

Skill      XL: |  1  2  3  4 |
---------------+-------------+-----
Short Blades   | 3 |  3.8
Dodging        | 2 |  2.7
Fighting       | 3 |  3.1
Stealth        | 6 |  6.1
Throwing       | |  2.1

Action                     |  1- 3 |  4- 6 || total
---------------------------+-------+-------++-------
  Melee: Dagger            |    96 |    56 ||   152
         Punch             |       |     1 ||     1
   Stab: Sleeping          |    11 |     4 ||    15
 Armour: Robe              |    15 |     4 ||    19
  Dodge: Dodged            |    58 |    23 ||    81

Table legend: (Time is in decaauts)
 A = Elapsed time spent in this place.
 B = Non-inter-level travel time spent in this place.
 C = Inter-level travel time spent in this place.
 D = Time resting spent in this place.
 E = Time spent auto-exploring this place.
 F = Levels seen in this place.
 G = Mean time per level.
                   A        B        C        D        E       F      G
               +--------+--------+--------+--------+--------+-----+--------+
         Total |   1645 |   1581 |     64 |      0 |   1320 |   3 |  548.3 |
       Dungeon |   1645 |   1581 |     64 |      0 |   1320 |   3 |  548.3 |
               +--------+--------+--------+--------+--------+-----+--------+

Top non-repeatable levels by time:
     D:2: 987 daAuts
     D:1: 550 daAuts
     D:3: 108 daAuts
